 Dungeon Crawl Stone Soup version 0.31-a0-1603-gbec6b6ccbf (webtiles) character file.

Game seed: 14340377159227241741

963 Sabo the Ducker (level 8, -4/67 HPs)
             Began as a Gnoll Monk on Jan 7, 2024.
             Killed from afar by an acid dragon (22 damage)
             ... with a splash of acid
             ... on level 5 of the Dungeon.
             The game lasted 00:22:12 (4600 turns).

Sabo the Ducker (Gnoll Monk)                        Turns: 4600, Time: 00:22:12

Health: -4/67      AC:  9    Str: 13    XL:     8   Next: 15%
Magic:  12/12      EV:  9    Int: 10    God:
Gold:   251        SH:  0    Dex: 17    Spells: 13/13 levels left

rFire   + . .        n - +0 war axe
rCold   . . .        d - orb {light}
rNeg    . . .        A - +0 chain mail
rPois   +            b - +0 helmet
rElec   .            e - +2 cloak of Cocytus {rF+ Dex+3 Slay+2 SInv}
rCorr   .            (no gloves)
SInv    +            (no boots)
Will    +....        p - amulet of the acrobat Stlth
                     m - ring of poison resistance
HPRegen 0.31/turn    q - ring of willpower
MPRegen 0.13/turn

%: acrobat
@: corroded, glowing
A: fangs 1, strong nose, distributed training
a: no special abilities


You were on level 5 of the Dungeon.
You visited 1 branch of the dungeon, and saw 5 of its levels.

You collected 251 gold pieces.

Inventory:

Hand Weapons
 n - a +0 war axe (weapon)
Missiles
 w - 2 poisoned darts
 z - 5 atropa-tipped darts
Armour
 b - a +0 helmet (worn)
 d - an orb of light (worn)
 e - the +2 cloak of Cocytus (worn) {rF+ Dex+3 Slay+2 SInv}
   (You acquired it on level 4 of the Dungeon)

   Dex+3:     It affects your dexterity (+3).
   Slay+2:    It affects your accuracy & damage with ranged weapons and melee
   (+2).
   rF+:       It protects you from fire.
   SInv:      It lets you see invisible.
 x - the +1 robe "Don Muinilea" {rElec}
   (You found it on level 4 of the Dungeon)

   rElec:     It insulates you from electricity.
 A - a +0 chain mail (worn)
Jewellery
 m - a ring of poison resistance (left hand)
 p - an amulet of the acrobat (around neck)
 q - a ring of willpower (right hand)
Talismans
 f - a beast talisman
Wands
 h - a wand of iceblast (6)
 v - a wand of paralysis (6)
Scrolls
 a - a scroll of blinking {unknown}
 i - a scroll of enchant weapon
 l - a scroll of revelation
 s - 3 scrolls of fog
 t - a scroll of enchant armour {unknown}
 y - a scroll of poison {unknown}
 B - a scroll of fear {unknown}
Potions
 c - a potion of ambrosia
 g - a potion of might
 j - a potion of heal wounds {unknown}
 k - a potion of enlightenment {unknown}
 o - 2 potions of curing
 r - a potion of brilliance {unknown}
 u - 2 potions of haste


   Skills:
 + Level 7.3 Fighting
 + Level 3.1 Short Blades
 + Level 3.1 Long Blades
 + Level 7.3 Axes
 + Level 3.1 Maces & Flails
 + Level 3.1 Polearms
 + Level 3.1 Staves
 + Level 3.1 Ranged Weapons
 + Level 3.1 Throwing
 + Level 3.1 Armour
 + Level 7.3 Dodging
 + Level 3.1 Stealth
 + Level 3.1 Shields
 + Level 3.1 Unarmed Combat
 + Level 3.1 Spellcasting
 + Level 2.5 Conjurations
 + Level 2.5 Hexes
 + Level 2.5 Summonings
 + Level 2.5 Necromancy
 + Level 2.5 Translocations
 + Level 2.5 Fire Magic
 + Level 2.5 Ice Magic
 + Level 2.5 Air Magic
 + Level 2.5 Earth Magic
 + Level 2.5 Alchemy
 + Level 3.4 Invocations
 + Level 3.1 Evocations
 + Level 2.8 Shapeshifting


You had 13 spell levels left.
You didn't know any spells.
Your spell library contained the following spells:

 Spells                   Type           Power      Damage    Failure   Level
 Apportation              Tloc           12%        N/A       88%         1
 Necrotise                Necr           24%        1d5       88%         1
 Sting                    Conj/Alch      24%        1d4       88%         1
 Summon Small Mammal      Summ           24%        N/A       88%         1
 Jinxbite                 Hex            12%        N/A       96%         2
 Yara's Violent Unravell  Hex/Alch       3%         3d4       100%        5
 Enfeeble                 Hex            3%         N/A       100%        7


Dungeon Overview and Level Annotations

Branches:
Dungeon (5/15)
 Temple: D:4-7

Altars:

Shops:
D:1 :


Innate Abilities, Weirdness & Mutations

You have very sharp teeth.
Your uncanny sense of smell can sniff out nearby items.
Your experience applies equally to all skills.


Message History

Found a scroll labelled TIOLAT BARI.
a - a scroll labelled QOUNAC TUAGYZY
B - a scroll labelled TIOLAT BARI An acid dragon comes into view.
The acid dragon roars!
The acid dragon spits acid at you. The splash of acid hits you!
You hit the acid dragon.
The acid dragon is lightly wounded.
The acid dragon bites you but does no damage.
The acid dragon claws you but does no damage.
You barely miss the acid dragon.
The acid dragon is lightly wounded.
The acid dragon spits acid at you. The splash of acid hits you!!
The acid corrodes you!
You barely miss the acid dragon.
The acid dragon is lightly wounded.
The acid dragon bites you but does no damage.
The acid dragon claws you but does no damage.
You hit the acid dragon but do no damage.
The acid dragon is lightly wounded.
The acid dragon closely misses you. The acid dragon claws you.
You barely miss the acid dragon.
The acid dragon is lightly wounded.
The acid dragon closely misses you.
The acid dragon claws you but does no damage.
You slash the acid dragon!
You bite the acid dragon, but do no damage.
The acid dragon is heavily wounded.
The acid dragon bites you. The acid dragon claws you.
You slash the acid dragon!
The acid dragon is severely wounded.
The acid dragon bites you!
* * * LOW HITPOINT WARNING * * *
The acid dragon completely misses you.
You hit the acid dragon but do no damage.
The acid dragon is severely wounded.
The acid dragon spits acid at you. The splash of acid hits you!!
You die...

.......##
#.......##
##.....#.#######
##....#..##...##
###.###.......#
### ##.....##
#..####
##..#########
##....@D...#
###########


You could see an acid dragon (catching breath).

Vanquished Creatures
  Sigmund (D:2)
  A black bear (D:4)
  2 ogres
  A kobold brigand (D:4)
  Blork the orc (D:5)
  A scorpion (D:4)
  A howler monkey (D:4)
  A hound (D:4)
  Jessica (D:2)
  4 orc wizards
  5 adders
  A gnoll (D:4)
  6 dart slugs
  A ribbon worm (D:2)
  6 orcs
  10 ball pythons
  7 endoplasms
  6 giant cockroaches
  6 goblins
  14 hobgoblins
  6 jackals (D:4)
  6 kobolds
  2 quokkas
  11 bats
  A frilled lizard (D:1)
  3 rats
105 creatures vanquished.

Notes
Turn   | Place    | Note
-------+----------+-------------------------------------------
     0 | D:1      | Sabo the Gnoll Monk began the quest for the Orb.
     0 | D:1      | Reached XP level 1. HP: 23/23 MP: 1/1
   165 | D:1      | Reached XP level 2. HP: 29/29 MP: 2/2
   693 | D:1      | Reached XP level 3. HP: 35/35 MP: 3/3
   821 | D:1      | Found Ruah's Book Emporium.
  1185 | D:2      | Noticed Sigmund
  1211 | D:2      | Killed Sigmund
  1212 | D:2      | Reached skill level 1 in Short Blades
  1212 | D:2      | Reached skill level 1 in Long Blades
  1212 | D:2      | Reached skill level 1 in Maces & Flails
  1212 | D:2      | Reached skill level 1 in Polearms
  1212 | D:2      | Reached skill level 1 in Staves
  1212 | D:2      | Reached skill level 1 in Ranged Weapons
  1212 | D:2      | Reached skill level 1 in Throwing
  1212 | D:2      | Reached skill level 1 in Armour
  1212 | D:2      | Reached skill level 1 in Stealth
  1212 | D:2      | Reached skill level 1 in Shields
  1212 | D:2      | Reached skill level 1 in Unarmed Combat
  1212 | D:2      | Reached skill level 1 in Spellcasting
  1212 | D:2      | Reached skill level 1 in Conjurations
  1212 | D:2      | Reached skill level 1 in Hexes
  1212 | D:2      | Reached skill level 1 in Summonings
  1212 | D:2      | Reached skill level 1 in Necromancy
  1212 | D:2      | Reached skill level 1 in Translocations
  1212 | D:2      | Reached skill level 1 in Fire Magic
  1212 | D:2      | Reached skill level 1 in Ice Magic
  1212 | D:2      | Reached skill level 1 in Air Magic
  1212 | D:2      | Reached skill level 1 in Earth Magic
  1212 | D:2      | Reached skill level 1 in Alchemy
  1212 | D:2      | Reached skill level 1 in Invocations
  1212 | D:2      | Reached skill level 1 in Evocations
  1212 | D:2      | Reached skill level 1 in Shapeshifting
  1212 | D:2      | Reached XP level 4. HP: 27/41 MP: 4/6
  1212 | D:2      | Reached XP level 5. HP: 31/47 MP: 4/7
  2033 | D:2      | Noticed Jessica
  2037 | D:2      | Killed Jessica
  2040 | D:2      | Reached XP level 6. HP: 53/53 MP: 8/8
  3193 | D:4      | Noticed a black bear
  3213 | D:4      | Killed a black bear
  3214 | D:4      | Reached XP level 7. HP: 4/60 MP: 10/10
  3607 | D:4      | Identified the +1 robe "Don Muinilea" {rElec}
  3797 | D:4      | Identified a scroll of acquirement
  3798 | D:4      | Acquired the +2 cloak of Cocytus {rF+ Dex+3 Slay+2 SInv}
  3975 | D:5      | Entered Level 5 of the Dungeon
  4189 | D:5      | Noticed Blork the orc
  4199 | D:5      | Killed Blork the orc
  4200 | D:5      | Reached XP level 8. HP: 36/67 MP: 12/12
  4600 | D:5      | Killed from afar by an acid dragon

Illustrated notes

Levels and vault maps discovered:
D:1:      lemuel_arrival_muddy, layout_basic, serial_shops,
          nicolae_shop_tiny_statue_garden
D:2:      layout_basic, kennysheep_generic_room_5, uniq_jessica, uniq_sigmund
D:3:      layout_loops_ring
D:4:      minmay_clustersquares, layout_rooms
D:5:      layout_cave_pods, chequers_serial_rivers_room_a, uniq_blork_the_orc

Skill      XL: |  1  2  3  4  5  6  7 |
---------------+----------------------+-----
Short Blades   | 1 2 3 |  3.1
Long Blades    | 1 2 3 |  3.1
Maces & Flails | 1 2 3 |  3.1
Polearms       | 1 2 3 |  3.1
Staves         | 1 2 3 |  3.1
Ranged Weapons | 1 2 3 |  3.1
Throwing       | 1 2 3 |  3.1
Armour         | 1 2 3 |  3.1
Stealth        | 1 2 3 |  3.1
Shields        | 1 2 3 |  3.1
Unarmed Combat | 1 2 3 |  3.1
Spellcasting   | 1 2 3 |  3.1
Conjurations   | 1 2 |  2.5
Hexes          | 1 2 |  2.5
Summonings     | 1 2 |  2.5
Necromancy     | 1 2 |  2.5
Translocations | 1 2 |  2.5
Fire Magic     | 1 2 |  2.5
Ice Magic      | 1 2 |  2.5
Air Magic      | 1 2 |  2.5
Earth Magic    | 1 2 |  2.5
Alchemy        | 1 2 |  2.5
Invocations    | 1 2 3 |  3.4
Evocations     | 1 2 3 |  3.1
Shapeshifting  | 1 2 |  2.8
Fighting       | 7 |  7.3
Axes           | 7 |  7.3
Dodging        | 7 |  7.3

Action                     |  1- 3 |  4- 6 |  7- 9 || total
---------------------------+-------+-------+-------++-------
  Melee: Hand axe          |    76 |     4 |       ||    80
         Bite              |    13 |    16 |    10 ||    39
         War axe           |       |   115 |    78 ||   193
    Use: Scroll            |     2 |     6 |     4 ||    12
 Armour: Robe              |    15 |       |       ||    15
         Ring mail         |    12 |     9 |       ||    21
         Scale mail        |       |   107 |    28 ||   135
         Chain mail        |       |       |    26 ||    26
  Dodge: Dodged            |    44 |   145 |    57 ||   246

Table legend: (Time is in decaauts)
 A = Elapsed time spent in this place.
 B = Non-inter-level travel time spent in this place.
 C = Inter-level travel time spent in this place.
 D = Time resting spent in this place.
 E = Time spent auto-exploring this place.
 F = Levels seen in this place.
 G = Mean time per level.
                   A        B        C        D        E       F      G
               +--------+--------+--------+--------+--------+-----+--------+
         Total |   4626 |   4626 |      0 |    765 |      0 |   5 |  925.2 |
       Dungeon |   4626 |   4626 |      0 |    765 |      0 |   5 |  925.2 |
               +--------+--------+--------+--------+--------+-----+--------+

Top non-repeatable levels by time:
     D:1: 1183 daAuts
     D:2: 1101 daAuts
     D:4: 1069 daAuts
     D:3: 642 daAuts
     D:5: 629 daAuts
